 Dungeon Crawl Stone Soup version 0.30.1-3-gfc49f6343a (webtiles) character file.

Game seed: 11946901050925324624

38241 Atelerd the Unseen (level 14, -4/98 HPs)
             Began as an Octopode Earth Elementalist on Aug 2, 2023.
             Was an Elder of Sif Muna.
             Slain by Snorg (15 damage)
             ... on level 4 of the Lair of Beasts.
             The game lasted 01:03:03 (21057 turns).

Atelerd the Unseen (Octopode Earth Elementalist)   Turns: 21057, Time: 01:03:04

Health: -4/98      AC: 25    Str: 13    XL:     14   Next: 1%
Magic:  14/30      EV: 13    Int: 23    God:    Sif Muna [****..]
Gold:   2305       SH: 12    Dex: 12    Spells: 19/37 levels left

rFire   . . .        y - +2 short sword (elec)
rCold   + + .        h - +6 buckler of Death's Door {rC++ Str+6 Stlth-}
rNeg    + + +        (helmet restricted)
rPois   ∞            (no amulet)
rElec   +            g - ring of positive energy
rCorr   .            l - ring of wizardry
SInv    .            f - ring of poison resistance
Will    +....        r - ring of positive energy
Stlth   ++++++       (no ring)
HPRegen 0.36/turn    (no ring)
MPRegen 0.22/turn    (no ring)
                     (no ring)

%: wizardry (x1)
@: statue-form, very slow
A: slow and powerful, torment resistance 1, boosted hp, almost no armour,
amphibious, 8 rings, camouflage 1, (gelatinous body 1), (nimble swimmer 1),
tentacles
a: End Transformation, Renounce Religion, Channel Magic, Forget Spell, Divine
Exegesis


You were on level 4 of the Lair of Beasts.
You worshipped Sif Muna.
Sif Muna was greatly pleased with you.
You were a living statue of rough stone.
You visited 3 branches of the dungeon, and saw 17 of its levels.

You collected 3007 gold pieces.
You spent 702 gold pieces at shops.

Inventory:

Hand Weapons
 x - a +2 dagger of venom
 y - a +2 short sword of electrocution (weapon)
Missiles
 d - 13 curare-tipped darts
 u - 2 throwing nets
Armour
 h - the +6 buckler of Death's Door (worn) {rC++ Str+6 Stlth-}
   (You acquired it on level 10 of the Dungeon)

   Str:       It affects your strength (+6).
   rC:        It greatly protects you from cold.
   Stlth:     It makes you less stealthy.
Jewellery
 f - a ring of poison resistance (on tentacle)
 g - a ring of positive energy (left tentacle)
 l - a ring of wizardry (right tentacle)
 o - a ring of ice
 p - a +6 ring of dexterity
 r - a ring of positive energy (on tentacle)
 C - a ring of fire
Wands
 a - a wand of flame (44)
Scrolls
 b - 2 scrolls of brand weapon
 e - 4 scrolls of amnesia
 i - 3 scrolls of enchant armour
 j - a scroll of blinking
 k - 4 scrolls of noise
 n - 3 scrolls of magic mapping
 t - 2 scrolls of immolation
 w - 4 scrolls of fog {unknown}
 A - 2 scrolls of enchant weapon
 F - a scroll of silence {unknown}
 G - 3 scrolls of vulnerability
 H - 2 scrolls of teleportation
 J - a scroll of identify
Potions
 m - a potion of invisibility {unknown}
 q - 4 potions of haste
 s - 3 potions of brilliance
 v - 3 potions of attraction
 z - a potion of degeneration
 B - 2 potions of curing
 D - 2 potions of flight
 E - a potion of magic
 K - a potion of cancellation
 L - 2 potions of resistance
Miscellaneous
 I - a lightning rod (3/4)


   Skills:
 - Level 4.0 Short Blades
 + Level 5.0 Dodging
 - Level 15.0 Stealth
 - Level 9.3 Shields
 - Level 12.3 Spellcasting
 - Level 1.0 Summonings
 - Level 1.0 Translocations
 - Level 6.0 Transmutations
 - Level 4.3 Air Magic
 * Level 9.5 Earth Magic
 + Level 5.9 Invocations


You had 19 spell levels left.
You knew the following spells:

 Your Spells              Type           Power      Damage    Failure   Level
a - Sandblast             Erth           100%       2d20      1%          1
c - Gell's Gravitas       Tloc           18%        N/A       4%          3
h - Summon Lightning Spi  Summ/Air       26%        N/A       8%          4
p - Petrify               Tmut/Erth      49%        N/A       1%          4
s - Statue Form           Tmut/Erth      32%        N/A       14%         6

Your spell library contained the following spells:

 Spells                   Type           Power      Damage    Failure   Level
 Passwall                 Tmut/Erth      40%        N/A       1%          2
 Stone Arrow              Conj/Erth      70%        3d11      1%          3
 Lesser Beckoning         Tloc           36%        N/A       2%          2
 Leda's Liquefaction      Hex/Erth       17%        N/A       3%          4
 Call Canine Familiar     Summ           18%        N/A       4%          3
 Teleport Other           Tloc           18%        N/A       4%          3
 Portal Projectile        Hex/Tloc       32%        N/A       6%          3
 Metabolic Englaciation   Hex/Ice        7%         N/A       50%         5
 Storm Form               Tmut/Air       18%        N/A       89%         7
 Maxwell's Capacitive Co  Air            16%        ∞         100%        8
 Chain Lightning          Conj/Air       12%        3d16      100%        9
 Fire Storm               Conj/Fire      7%         8d2       100%        9
 Shatter                  Erth           27%        3d23*     100%        9


Dungeon Overview and Level Annotations

Branches:
Dungeon (11/15)            Temple (1/1) D:6            Lair (5/5) D:11
 Shoals (0/4) Lair:3        Snake (0/4) Lair:2          Orc (0/2) D:9
  Slime: Lair:4-5

Altars:
Ashenzari
Cheibriados
Dithmenos
Elyvilon
Fedhas
Gozag
Hepliaklqana
Kikubaaqudgha
Makhleb
Nemelex Xobeh
Okawaru
Qazlal
Ru
Sif Muna
Trog
Uskayaw
Xom
Yredelemnul
Zin
The Shining One

Shops:
D:4 :   D:7 !

Annotations:
D:1 exclusion: downstairs
D:5 exclusion: downstairs
D:7 1 runed translucent door, oldnick's ghost, novice OpCj
D:8 exclusion: 2 downstairs
D:10 exclusion: downstairs
Lair:3 exclusion: 2 downstairs
Lair:4 Snorg


Innate Abilities, Weirdness & Mutations

You are a living statue of rough stone.
Your actions are slow, but your melee attacks are powerful.
You are resistant to unholy torment.
Your maximum health is greatly increased.
You are immune to poison.
You cannot wear most types of armour.
You are amphibious.
You can wear up to eight rings at the same time.
Your skin changes colour to match your surroundings (Stealth+).
((Your rubbery body absorbs attacks. (AC +1, EV +1)))
((You are camouflaged when in or above water. (Stealth+)))
You have tentacles for arms and can constrict up to eight enemies at once.


Message History

The eight-headed hydra bites you but does no damage. x2
The eight-headed hydra bites you. The eight-headed hydra bites you!
You block the eight-headed hydra's attack.
The eight-headed hydra bites you.
* * * LOW HITPOINT WARNING * * *
The eight-headed hydra bites you but does no damage.
The eight-headed hydra attacks as you move away!
You block the eight-headed hydra's attack.
The eight-headed hydra closely misses you.
The eight-headed hydra bites you but does no damage.
The eight-headed hydra barely misses you.
The eight-headed hydra bites you.
* * * LOW HITPOINT WARNING * * *
The eight-headed hydra bites you but does no damage. x3
Snorg bites you but does no damage. Snorg claws you!
* * * LOW HITPOINT WARNING * * *
You block Snorg's attack.
Okay, then.
Blink to where?
Press: ? - help, Dir - move target, p - Snorg
As you read the scroll of blinking, it crumbles to dust.
Your lightning spire shoots out a bolt of lightning at Snorg!
The bolt of electricity hits Snorg.
The bolt of electricity hits Snorg!
The bolt of electricity hits your lightning spire.
Your lightning spire completely resists.
Snorg bites your lightning spire! Snorg claws your lightning spire!
Your lightning spire is destroyed!
Your lightning spire disappears in a puff of smoke!
Unknown command.
Unknown command.
Casting: Petrify (mildly dangerous; 1% risk of failure)
Confirm with . or Enter, or press ? or * to list all spells.
Aiming: Petrify (mildly dangerous; 1% risk of failure)
Press: ? - help, Shift-Dir - straight line, f - Snorg
Aim: Snorg (translocational energy, lightly wounded, berserk, unaware, hasn't noticed you, chance to affect: 36%) Snorg shouts!
Snorg easily resists.
Your surroundings seem slightly different.
Snorg bites you!
You die...

.........## ....#
..........## #...#
...........## ##...##
...........P.##.....#
....................#
...............Y....#
≈†≈.......### #.Y..#
≈≈†~.....#######TD..##
≈≈≈~~....###.#..8....#
≈≈≈≈.....##..........#
~≈≈~.................#
~~~≈................##
<.....##.####......##
....### ## ##....##
...## #..§.## ...##
#.....# ....#.#
##.....#


You could see Snorg (berserk), an eight-headed hydra and 2 yaks.

Vanquished Creatures
  Gastronok (Lair:3)
  3 hydras
  A boulder beetle (D:11)
  9 death yaks
  Sonja (Lair:1)
  Amaemon (D:9)
  A salamander (Lair:2)
  A cyclops (D:11)
  Joseph (Lair:1)
  A water nymph (Lair:3)
  Maurice (D:10)
  2 black mambas (Lair:2)
  3 torpor snails
  An orange demon (D:9)
  9 cane toads
  4 komodo dragons
  A rime drake (Lair:5)
  A troll (D:9)
  11 blink frogs
  5 dream sheep (Lair:5)
  Sigmund (D:2)
  A shadow (D:10)
  4 wyverns
  30 yaks
  A basilisk (Lair:4)
  A steam dragon (Lair:1)
  3 acid dragons
  5 water moccasins
  6 orc warriors
  A sky beast (D:8)
  3 ice beasts
  A black bear (Lair:3)
  5 ogres
  3 wolves (Lair:1)
  6 centaurs
  A phantom (D:7)
  4 kobold brigands
  17 bullfrogs
  2 scorpions
  8 wights
  8 killer bees (D:10)
  2 howler monkeys (D:7)
  3 lava snakes (Lair:2)
  A jelly (D:4)
  4 hounds
  6 orc priests
  3 gnoll boudas
  A sleepcap (D:6)
  An iguana (D:7)
  4 orc wizards
  15 gnolls
  6 adders
  3 shadow imps
  2 white imps
  An ufetubus (D:6)
  3 worms
  4 dart slugs (D:1)
  25 orcs
  3 bats
  11 endoplasms
  4 giant cockroaches
  11 hobgoblins
  4 jackals
  4 quokkas
  3 ball pythons
  2 frilled lizards
  11 goblins
  29 kobolds
  9 rats
344 creatures vanquished.

Vanquished Creatures (collateral kills)
  A hydra (Lair:3)
  A catoblepas (Lair:4)
  3 death yaks
  An elephant (Lair:5)
  A black mamba (Lair:4)
  2 cane toads (Lair:5)
  A torpor snail (Lair:1)
  A blink frog (Lair:5)
  A dream sheep (Lair:3)
  8 yaks
  2 water moccasins
  An orc warrior (D:9)
23 creatures vanquished.

Vanquished Creatures (others)
  A wolf (Lair:1)
1 creature vanquished.

Grand Total: 368 creatures vanquished

Notes
Turn   | Place    | Note
-------+----------+-------------------------------------------
     0 | D:1      | Atelerd the Octopode Earth Elementalist began the quest for
                  | the Orb.
     0 | D:1      | Reached XP level 1. HP: 11/11 MP: 3/3
   158 | D:1      | Reached XP level 2. HP: 13/17 MP: 3/5
   433 | D:1      | Reached XP level 3. HP: 19/21 MP: 3/6
   999 | D:2      | Noticed Sigmund
  1120 | D:2      | Reached XP level 4. HP: 27/27 MP: 4/8
  1125 | D:2      | Learned a level 4 spell: Petrify
  2388 | D:4      | Noticed a scorpion
  2403 | D:4      | Killed a scorpion
  2404 | D:4      | Reached XP level 5. HP: 31/31 MP: 1/9
  2534 | D:4      | Found Hicosmo's Book Shoppe.
  2698 | D:4      | Reached XP level 6. HP: 36/36 MP: 6/11
  2714 | D:4      | HP: 2/54 [gnoll/+0 spear[a gnoll bouda] (2)]
  2715 | D:4      | Gained mutation: Your body sometimes deteriorates upon
                  | taking damage. [potion of mutation]
  2715 | D:4      | Gained mutation: You are dopey. (Int -2) [potion of
                  | mutation]
  2715 | D:4      | Gained mutation: You sometimes lose your temper in combat.
                  | [potion of mutation]
  2715 | D:4      | Gained mutation: You are somewhat resistant to further
                  | mutation. [potion of mutation]
  2721 | D:4      | Lost mutation: You sometimes lose your temper in combat.
                  | [potion of mutation]
  2721 | D:4      | Lost mutation: You are dopey. (Int -2) [potion of mutation]
  2909 | D:4      | Reached skill level 5 in Earth Magic
  3394 | D:5      | Entered Level 5 of the Dungeon
  3439 | D:5      | Noticed an ice beast
  3473 | D:5      | Killed an ice beast
  3474 | D:5      | Reached skill level 3 in Stealth
  3474 | D:5      | Reached XP level 7. HP: 41/41 MP: 3/12
  4316 | D:2      | Killed Sigmund
  4317 | D:2      | Reached skill level 4 in Stealth
  4666 | D:2      | Found a glowing silver altar of Zin.
  4795 | D:6      | Found a glowing golden altar of the Shining One.
  4963 | D:6      | Reached skill level 5 in Stealth
  4965 | D:6      | Reached XP level 8. HP: 46/46 MP: 9/14
  4976 | D:6      | Reached skill level 6 in Stealth
  5023 | D:6      | Found a staircase to the Ecumenical Temple.
  5567 | D:6      | Reached skill level 5 in Spellcasting
  5868 | D:6      | Reached skill level 1 in Short Blades
  6419 | D:6      | Reached XP level 9. HP: 51/51 MP: 14/16
  6655 | Temple   | Entered the Ecumenical Temple
  6716 | Temple   | Became a worshipper of Sif Muna the Loreminder
  7053 | D:7      | Reached skill level 7 in Stealth
  7055 | D:7      | Reached skill level 1 in Invocations
  7255 | D:7      | Found a runed translucent door.
  7255 | D:7      | Found a shimmering altar of Xom.
  7255 | D:7      | Noticed oldnick's ghost (novice OpCj)
  7255 | D:7      | Noticed a +1 falchion of chaos
  7654 | D:7      | Found Taqan's Distillery.
  7657 | D:7      | Bought 2 potions of curing for 78 gold pieces
  7657 | D:7      | Bought a potion of lignification for 39 gold pieces
  7657 | D:7      | Bought a potion of haste for 130 gold pieces
  8014 | D:8      | Reached skill level 8 in Stealth
  8342 | D:8      | Found a broken altar of Ashenzari.
  8517 | D:8      | Found a sparkling altar of Nemelex Xobeh.
  8521 | D:8      | Found an iron altar of Okawaru.
  8526 | D:8      | Found an opulent altar of Gozag.
  8647 | D:9      | You fall into a shaft and drop 1 floor!
  8647 | D:10     | Entered Level 10 of the Dungeon
  8745 | D:10     | Reached * piety under Sif Muna
  8872 | D:10     | Reached skill level 9 in Stealth
  9145 | D:10     | Reached XP level 10. HP: 56/56 MP: 11/20
  9154 | D:10     | Learned a level 4 spell: Summon Lightning Spire
  9246 | D:10     | Reached skill level 10 in Stealth
  9246 | D:10     | Reached skill level 1 in Summonings
  9246 | D:10     | Reached skill level 1 in Air Magic
  9822 | D:9      | Noticed an orange demon
  9823 | D:9      | Noticed Amaemon
  9852 | D:9      | Killed an orange demon
  9853 | D:9      | Reached skill level 11 in Stealth
 10030 | D:9      | Reached ** piety under Sif Muna
 10493 | D:9      | HP: 3/84 [orc warrior/+0 mace of holy wrath (5)]
 10504 | D:9      | Reached skill level 12 in Stealth
 10685 | D:9      | Found a staircase to the Orcish Mines.
 11243 | D:10     | Noticed Maurice
 11389 | D:10     | Killed Maurice
 11392 | D:10     | Identified 3 scrolls of acquirement
 11392 | D:10     | Acquired 1096 gold pieces
 11394 | D:10     | Acquired the +6 buckler of Death's Door {rC++ Str+6 Stlth-}
 11396 | D:10     | Acquired 903 gold pieces
 11476 | D:7      | Bought a potion of ambrosia for 104 gold pieces
 11476 | D:7      | Bought a potion of magic for 104 gold pieces
 11476 | D:7      | Bought a potion of flight for 39 gold pieces
 11476 | D:7      | Bought 2 potions of cancellation for 208 gold pieces
 11670 | D:10     | Reached skill level 1 in Shields
 11729 | D:10     | Reached XP level 11. HP: 48/61 MP: 20/23
 11995 | D:10     | Found a sacrificial altar of Ru.
 12157 | D:10     | Reached skill level 5 in Shields
 12644 | D:11     | Noticed a cyclops
 12654 | D:11     | Killed a cyclops
 12682 | D:11     | Noticed a boulder beetle
 12695 | D:11     | Killed a boulder beetle
 12964 | D:11     | Found a staircase to the Lair.
 13355 | D:11     | Reached skill level 10 in Spellcasting
 13549 | Lair:1   | Entered Level 1 of the Lair of Beasts
 13556 | Lair:1   | Noticed Sonja
 13556 | Lair:1   | Noticed Joseph
 13575 | Lair:1   | Killed Joseph
 13575 | Lair:1   | HP: 3/61 [wolf (8)]
 13578 | Lair:1   | Killed Sonja
 13892 | Lair:1   | Reached *** piety under Sif Muna
 13900 | Lair:1   | Reached XP level 12. HP: 44/66 MP: 10/27
 15164 | Lair:2   | Learned a level 3 spell: Gell's Gravitas
 15173 | Lair:2   | You fall into a shaft and drop 2 floors!
 15265 | Lair:4   | Noticed a death yak
 15300 | Lair:4   | Reached skill level 1 in Translocations
 15641 | Lair:4   | Reached skill level 13 in Stealth
 15646 | Lair:4   | Noticed an eight-headed hydra
 15924 | Lair:3   | Noticed Gastronok
 16094 | Lair:3   | Killed Gastronok
 16126 | Lair:3   | Noticed a six-headed hydra
 16252 | Lair:3   | Noticed a seven-headed hydra
 16360 | Lair:3   | Reached skill level 14 in Stealth
 16686 | Lair:3   | Killed a six-headed hydra
 16698 | Lair:3   | Killed a seven-headed hydra
 17773 | Lair:2   | Noticed a five-headed hydra
 17784 | Lair:2   | Killed a five-headed hydra
 17785 | Lair:2   | Reached XP level 13. HP: 71/71 MP: 18/29
 18346 | Lair:2   | Found a staircase to the Snake Pit.
 18813 | Lair:2   | Reached skill level 15 in Stealth
 19086 | D:9      | Killed Amaemon
 19089 | D:9      | Lost mutation: Your body sometimes deteriorates upon taking
                  | damage. [potion of mutation]
 19089 | D:9      | Lost mutation: You are somewhat resistant to further
                  | mutation. [potion of mutation]
 19089 | D:9      | Gained mutation: You occasionally shout uncontrollably at
                  | your foes. [potion of mutation]
 19089 | D:9      | Lost mutation: You occasionally shout uncontrollably at
                  | your foes. [potion of mutation]
 19468 | Lair:4   | Learned a level 6 spell: Statue Form
 19502 | Lair:5   | Entered Level 5 of the Lair of Beasts
 19858 | Lair:5   | Reached **** piety under Sif Muna
 19862 | Lair:5   | Reached skill level 5 in Invocations
 20090 | Lair:5   | Reached skill level 5 in Transmutations
 20989 | Lair:4   | Reached skill level 5 in Dodging
 20989 | Lair:4   | Reached XP level 14. HP: 76/76 MP: 24/30
 21043 | Lair:4   | Noticed Snorg
 21057 | Lair:4   | Slain by Snorg

Illustrated notes

Levels and vault maps discovered:
D:1:      kennysheep_arrival_forest, layout_basic
D:2:      layout_rooms, basic_altar, uniq_sigmund
D:3:      layout_basic, serial_co_window_serial, co_window_corner_a,
          co_window_paths_a, co_window_corner_a, co_window_corner_a,
          co_window_paths_b, co_window_paths_b, co_window_corner_a,
          co_window_paths_b, co_window_corner_a, co_window_paths_c,
          co_window_corner_b, co_window_corner_cb, co_window_paths_e,
          nrook_mini_backslash
D:4:      minmay_door_path, layout_rooms, serial_shops,
          nicolae_book_shop_shelving, minmay_fractal_squares_gapless_5
D:5:      layout_rooms, chequers_jeans, serial_bayou_pond_d
D:6:      layout_basic, nicolae_overflow_crystal_walls,
          minmay_temple_entry_nine_rooms, serial_bayou_pond_e
D:7:      layout_basic, serial_shops, nicolae_shop_tiny_real_fake_doors,
          ebering_ghost_xom
D:8:      layout_loops_ring, grunt_temple_overflow_diamond,
          mainiacjoe_overflow_brackets, nrook_loot_triangle
D:9:      layout_cave_pools, erik_orc_3, uniq_amaemon
D:10:     layout_rooms, hangedman_ru_absence, hex_large, uniq_maurice
D:11:     layout_layer_cave, lair_entry_dummy, lemuel_flame_loot_1
Temple:   nicolae_temple_superstar
Lair:1:   layout_cave_pods, grunt_megastairs_2, uniq_sonja, uniq_joseph
Lair:2:   layout_chaotic_city, nicolae_snake_entry_warm_welcome, serial_forest,
          infiniplex_forest_end_2, infiniplex_forest_clump_large,
          infiniplex_forest_lined_corner, infiniplex_forest_lined_room_,
          infiniplex_forest_end_3, infiniplex_forest_lined_3,
          infiniplex_forest_side_room, infiniplex_forest_clump_small
Lair:3:   layout_hall_layers, nicolae_shoals_entry_flooding,
          hangedman_lair_generics_rect, serial_bayou_shore_b, uniq_gastronok
Lair:4:   layout_gridlike, grunt_megastairs_5, infiniplex_staircase_pool,
          uniq_snorg
Lair:5:   evilmike_catoblepas_cave, layout_regular_city, slime_entry_1,
          grunt_megastairs_3

Skill      XL: |  1  2  3  4  5  6  7  8  9 10 11 12 13 |
---------------+----------------------------------------+-----
Transmutations | 2 3 4 6 |  6.0
Spellcasting   | 3 4 5 7 8 11 12 | 12.3
Earth Magic    | 4 5 6 7 8 9 |  9.5
Stealth        | 3 5 6 9 12 14 15 | 15.0
Short Blades   | 2 3 4 |  4.0
Invocations    | 3 5 |  5.9
Summonings     | 1 |  1.0
Air Magic      | 1 3 4 |  4.3
Shields        | 3 7 9 |  9.3
Translocations | 1 |  1.0
Dodging        | 5 |  5.0

Action                     |  1- 3 |  4- 6 |  7- 9 | 10-12 | 13-15 || total
---------------------------+-------+-------+-------+-------+-------++-------
  Melee: Unarmed           |    12 |       |       |       |       ||    12
         Constrict         |     5 |     3 |     8 |    22 |     5 ||    43
         Tentacles         |     3 |     6 |    17 |    52 |    17 ||    95
         Punch             |     2 |     1 |     4 |     5 |       ||    12
         Dagger            |     8 |    51 |    38 |       |       ||    97
         Short sword       |       |       |    17 |   204 |    66 ||   287
   Cast: Sandblast         |    44 |    82 |   129 |   130 |   125 ||   510
         Petrify           |       |     5 |    33 |   171 |    52 ||   261
         Summon Lightning  |       |       |       |     8 |    30 ||    38
         Gell's Gravitas   |       |       |       |     2 |     3 ||     5
         Statue Form       |       |       |       |       |     6 ||     6
 Invoke: Channel Magic     |       |       |       |     1 |     2 ||     3
  Evoke: Wand              |       |       |     1 |    24 |     1 ||    26
         Lightning rod     |       |       |       |    14 |     3 ||    17
    Use: Potion            |       |     6 |     3 |    15 |     2 ||    26
         Scroll            |       |       |    10 |    22 |     4 ||    36
   Stab: Sleeping          |     1 |     1 |     3 |     4 |     1 ||    10
         Petrified         |       |    17 |    25 |   130 |    21 ||   193
         Petrifying        |       |       |       |     9 |       ||     9
         Distracted        |       |       |       |       |     2 ||     2
 Armour: Skin              |     5 |    64 |    28 |    23 |    36 ||   156
  Dodge: Dodged            |    54 |    36 |    62 |    62 |    43 ||   257
  Block: Buckler           |       |       |       |    74 |    45 ||   119
